 Dungeon Crawl Stone Soup version 0.16.0-17-g811c1d7 (webtiles) character file.

140 Chiseanne the Insei (level 5, -1/28 HPs)
             Began as a Vine Stalker Monk on Mar 20, 2015.
             Was a Believer of Dithmenos.
             Slain by an orc
             ... wielding a +0 falchion
              (6 damage)
             ... on level 3 of the Dungeon.
             The game lasted 00:05:19 (1993 turns).

Chiseanne the Insei (Vine Stalker Monk)             Turns: 1993, Time: 00:05:20

Health: -1/28      AC:  8    Str: 14    XL:     5   Next: 23%
Magic:  0/7        EV: 12    Int: 10    God:    Dithmenos [**....]
Gold:   109        SH:  0    Dex: 17    Spells: 0 memorised, 4 levels left

rFire  . . .     SeeInvis .       - Unarmed
rCold  + . .     Clarity  .     k - +2 ring mail {rC+}
rNeg   . . .     SustAb   .     (no shield)
rPois  .         Gourm    .     (no helmet)
rElec  .         Spirit   +     (no cloak)
rCorr  .         Warding  .     (no gloves)
rMut   .         Stasis   .     v - +0 pair of boots
MR     .....                    (no amulet)
Stlth  ++........               (no ring)
                                (no ring)

@: wreathed by umbra, not resistant to hostile enchantments, unstealthy
A: fangs 2, regeneration 1, magic shield, antimagic bite, no device heal 3, rot
immunity
a: Shadow Step, Renounce Religion


You were on level 3 of the Dungeon.
You worshipped Dithmenos.
Dithmenos was pleased with you.
You were not hungry.

You visited 1 branch of the dungeon, and saw 3 of its levels.

You collected 109 gold pieces.

Inventory:

Armour
 k - a +2 ring mail of cold resistance (worn)
 m - a +2 pair of boots
 v - a +0 pair of boots (worn)
Scrolls
 a - 2 scrolls of teleportation {unknown}
 e - a scroll of enchant armour {unknown}
 g - 4 scrolls of identify {unknown}
 l - a scroll of blinking {unknown}
 n - 2 scrolls of remove curse {unknown}
 o - a scroll of recharging {unknown}
 r - a scroll of immolation {unknown}
 w - a scroll of enchant weapon {unknown}
Potions
 c - 3 potions of ambrosia {unknown}
 d - a potion of might {unknown}
 h - a potion of magic {unknown}
 j - a potion of haste {unknown}
 p - a potion of cure mutation {unknown}
 q - a potion of heal wounds {unknown}
 t - a potion of mutation {unknown}
 u - a potion of berserk rage {unknown}
 x - a potion of agility {unknown}
Comestibles
 b - 3 bread rations
 f - 4 fruits
 i - 2 meat rations
 s - a slice of pizza


   Skills:
 * Level 3.3 Fighting
 * Level 1.4 Armour
 - Level 2.7 Dodging
 - Level 2.4 Stealth
 * Level 5.2 Unarmed Combat
 * Level 0.8 Invocations


You had 4 spell levels left.
You didn't know any spells.

Dungeon Overview and Level Annotations

Branches:
Dungeon (3/15)

Altars:
Dithmenos


Innate Abilities, Weirdness & Mutations

You have extremely sharp teeth.
Your natural rate of healing is unusually fast.
When hurt, damage is shared between your health and your magic reserves.
Your bite disrupts and absorbs the magic of your enemies.
Potions and wands cannot restore your health.
You are immune to rotting.


Message History

The orc priest is severely wounded.
The orc closely misses you.
The orc priest mumbles some strange prayers to Beogh against you.
Pain shoots through your body! The orc hits you with a falchion.
You barely miss the orc priest.
You bite the orc priest, but do no damage.
The orc priest is severely wounded.
The orc priest hits you but does no damage.
The orc closely misses you. The orc hits you with a falchion.
* * * LOW HITPOINT WARNING * * *
You barely miss the orc priest. Your bite misses the orc priest.
The orc priest is severely wounded.
The orc priest barely misses you.
You hit the orc priest.
You kill the orc priest!
Dithmenos accepts your kill.
You have reached level 5!
The orc barely misses you. x2
The orc hits you with a falchion!
You die...

#.....# ##....#
###..†##### ####.#
#.........# #.#
##.........# #.#
...........# #.#
...........# #.#
######/##### #####.####
..####.# ##........##
.....#.# ##...@......#
.###.#.##..##...o....>.#
............#.)or......#
.#####.#....#..........#
.#####.....##..........#
.......###.##..........
######.# ..#.........
#.# .##....... # #..
...###.


You could see 2 orcs and a rat.

Vanquished Creatures
  An orc priest (D:3)
  Jessica (D:2)
  2 adders (D:3)
  3 worms (D:2)
  A giant gecko (D:1)
  2 oozes
  An orc (D:3)
  7 bats
  3 giant cockroaches
  7 hobgoblins
  4 jackals
  6 kobolds
  2 quokkas
  A ball python (D:2)
  3 giant newts
  3 goblins
  7 rats
54 creatures vanquished.

Notes
Turn   | Place    | Note
--------------------------------------------------------------
     0 | D:1      | Chiseanne, the Vine Stalker Monk, began the quest for the Orb.
     0 | D:1      | Reached XP level 1. HP: 11/11 MP: 1/1
     2 | D:1      | Noticed a dwarf
     4 | D:1      | Noticed a gargoyle
     6 | D:1      | Noticed an elf
     8 | D:1      | Noticed a formicid
     8 | D:1      | Noticed a merfolk
    10 | D:1      | Noticed a demigod
    10 | D:1      | Noticed a centaur
    12 | D:1      | Noticed a naga
    14 | D:1      | Noticed a spriggan
    14 | D:1      | Noticed a ghoul
    16 | D:1      | Noticed a minotaur
    16 | D:1      | Noticed a felid
    18 | D:1      | Noticed a troll
    20 | D:1      | Noticed a demonspawn
    20 | D:1      | Noticed a draconian
    22 | D:1      | Noticed a tengu
    22 | D:1      | Noticed an octopode
    24 | D:1      | Noticed a human
    24 | D:1      | Noticed a vampire
    26 | D:1      | Noticed a vine stalker
    26 | D:1      | Noticed an ogre
   123 | D:1      | Reached XP level 2. HP: 16/16 MP: 3/3
   733 | D:2      | Found a shadowy altar of Dithmenos.
   736 | D:2      | Became a worshipper of Dithmenos the Shadowed
   736 | D:2      | Acquired Dithmenos' first power
   766 | D:2      | Reached XP level 3. HP: 19/19 MP: 4/4
   778 | D:2      | Noticed Jessica
   784 | D:2      | Killed Jessica
   977 | D:2      | Reached XP level 4. HP: 24/24 MP: 5/5
  1630 | D:2      | Reached skill level 5 in Unarmed Combat
  1734 | D:3      | Reached skill level 1 in Armour
  1992 | D:3      | Reached XP level 5. HP: 4/28 MP: 1/7
  1993 | D:3      | Slain by an orc

Action                   |  1- 3 |  4- 6 || total
-------------------------+-------+-------++-------
Melee: Unarmed           |    70 |    65 ||   135
 Stab: Sleeping          |     2 |     3 ||     5
  Eat: Chunk             |       |     3 ||     3
